 Dungeon Crawl Stone Soup version 0.30-a0-457-g4b7bca3bfa (webtiles) character file.

Game seed: 3632808348408015057

93 Adrian566 the Slasher (level 4, -2/34 HPs)
             Began as a Demonspawn Gladiator on Dec 12, 2022.
             Killed from afar by Natasha (8 damage)
             ... with a magic dart
             ... on level 2 of the Dungeon.
             The game lasted 00:01:32 (1854 turns).

Adrian566 the Slasher (Demonspawn Gladiator)        Turns: 1854, Time: 00:01:33

Health: -2/34      AC:  4    Str: 14    XL:     4   Next: 36%
Magic:  4/4        EV: 12    Int:  9    God:
Gold:   45         SH:  4    Dex: 17    Spells: 3/3 levels left

rFire   . . .      SeeInvis .    a - +0 long sword
rCold   . . .      Faith    .    (no shield)
rNeg    . . .      Spirit   .    b - +0 leather armour
rPois   .          Reflect  .    c - +0 helmet
rElec   .          Harm     .    (no cloak)
rCorr   .          Rampage  .    (no gloves)
Will    .....                    (no boots)
Stlth   ++........               (no amulet)
HPRegen 0.25/turn                (no ring)
MPRegen 0.09/turn                (no ring)

@: no status effects
A: large bone plates 1, demonic guardian 2
a: no special abilities


You were on level 2 of the Dungeon.
You visited 1 branch of the dungeon, and saw 2 of its levels.

You collected 45 gold pieces.

Inventory:

Hand Weapons
 a - a +0 long sword (weapon)
Missiles
 d - 3 throwing nets (quivered)
 e - 3 javelins
Armour
 b - a +0 leather armour (worn)
 c - a +0 helmet (worn)
Scrolls
 f - a scroll of enchant armour {unknown}
Potions
 g - a potion of lignification
 h - a potion of haste {unknown}
 i - a potion of might {unknown}
 j - 2 potions of degeneration {unknown}
 k - a potion of heal wounds {unknown}
 l - a potion of brilliance {unknown}
 m - a potion of cancellation {unknown}


   Skills:
 + Level 2.5 Fighting
 * Level 3.9 Long Blades
 + Level 1.8 Throwing
 + Level 0.4 Armour
 + Level 3.0 Dodging
 + Level 1.1 Stealth


You had 3 spell levels left.
You didn't know any spells.
Your spell library contained the following spells:

 Spells                   Type           Power      Damage    Failure   Level
 Apportation              Tloc           0%         N/A       45%         1
 Foxfire                  Conj/Fire      0%         2x1d4     45%         1
 Necrotise                Necr           0%         1d4       45%         1
 Summon Small Mammal      Summ           0%         N/A       45%         1
 Fireball                 Conj/Fire      0%         3d3       100%        5
 Starburst                Conj/Fire      0%         6d3       100%        6


Dungeon Overview and Level Annotations

Branches:
Dungeon (2/15)

Altars:

Annotations:
D:2 1 runed translucent door, Crazy Yiuf, Natasha


Innate Abilities, Weirdness & Mutations

You are partially covered in large bone plates. (SH +4)
A demonic guardian rushes to your aid.


Message History

You closely miss the adder.
The shadow imp disappears in a puff of smoke!
The adder barely misses you. You block the adder's attack.
You closely miss the adder.
You feel yourself speed up. The adder closely misses you.
The adder bites you but does no damage. x2
You slash the adder!
The adder is heavily wounded.
The adder barely misses you.
You hit the adder.
The adder is almost dead.
The adder completely misses you. The adder bites you but does no damage.
You barely miss the adder.
The adder is severely wounded.
The adder bites you. The adder bites you but does no damage.
You hit the adder.
The adder is severely wounded.
The adder bites you but does no damage.
You miss the adder.
The adder is severely wounded.
The adder completely misses you. The adder bites you but does no damage.
You hit the adder.
You kill the adder!
Natasha mewls in sadness.
Natasha stares at you and mumbles some strange words.
The magic dart hits you.
Your Dodging skill increases to level 3!
You hit Natasha but do no damage.
Natasha is heavily wounded.
Natasha barely misses you.
You slash Natasha!
Natasha is almost dead.
Natasha claws you!
* * * LOW HITPOINT WARNING * * *
A demonic guardian appears!
You barely miss Natasha.
Natasha is almost dead.
Natasha casts a spell at you. The magic dart hits you!
You die...

..............##.#
########
.............###.#
#######.###..# #.#
#.##..## #.#
#######....## #.#
........#### #.#
........# #4# ........#
#.# ......#.# #@#
......#.########h###
......#.##.........#
.####.#.##.............
.# #.#.##..............
.## #.# #.........###.#
..###.# #.........# #
#..##.# #.........#
#...#.# ########...


You could see Natasha (ally target) and a friendly rust devil (summoned).

Vanquished Creatures
  An adder (D:2)
  2 worms (D:2)
  3 dart slugs (D:2)
  A bat (D:1)
  2 endoplasms (D:1)
  2 giant cockroaches (D:1)
  5 hobgoblins
  2 jackals (D:1)
  3 quokkas
  2 ball pythons
  3 frilled lizards (D:1)
  7 goblins
  4 kobolds (D:1)
  4 rats
41 creatures vanquished.

Vanquished Creatures (collateral kills)
  Natasha (D:2)
  A dart slug (D:1)
  A hobgoblin (D:1)
3 creatures vanquished.

Grand Total: 44 creatures vanquished

Notes
Turn   | Place    | Note
-------+----------+-------------------------------------------
     0 | D:1      | Adrian566 the Demonspawn Gladiator began the quest for the
                  | Orb.
     0 | D:1      | Reached XP level 1. HP: 16/16 MP: 1/1
   278 | D:1      | Gained mutation: A weak demonic guardian rushes to your
                  | aid. [demonic ancestry]
   278 | D:1      | Reached XP level 2. HP: 21/22 MP: 2/2
   737 | D:1      | Gained mutation: A demonic guardian rushes to your aid.
                  | [demonic ancestry]
   737 | D:1      | Reached XP level 3. HP: 26/27 MP: 3/3
  1500 | D:2      | Reached skill level 1 in Stealth
  1606 | D:2      | Found a runed translucent door.
  1607 | D:2      | Noticed Crazy Yiuf
  1632 | D:2      | Noticed Natasha
  1638 | D:2      | Killed Natasha
  1639 | D:2      | Gained mutation: You are partially covered in large bone
                  | plates. (SH +4) [demonic ancestry]
  1639 | D:2      | Reached XP level 4. HP: 26/34 MP: 4/4
  1833 | D:2      | Noticed Natasha
  1854 | D:2      | Killed from afar by Natasha

Illustrated notes

Levels and vault maps discovered:
D:1:      dpeg_arrival_pits, layout_loops_corners, st_stairs_11
D:2:      layout_basic, minmay_heptomino_h4, uniq_natasha,
          uniq_crazy_yiuf_cottage

Skill      XL: |  1  2  3  4 |
---------------+-------------+-----
Long Blades    | 3 |  3.9
Stealth        | 1 |  1.1
Dodging        | 3 |  3.0
Fighting       | |  2.5
Throwing       | |  1.8
Armour         | |  0.4

Action                   |  1- 3 |  4- 6 || total
-------------------------+-------+-------++-------
Melee: Long sword        |   119 |    20 ||   139
  Use: Scroll            |     4 |       ||     4
 Stab: Sleeping          |     2 |     1 ||     3
Armor: Leather armour    |    35 |    11 ||    46
Dodge: Dodged            |    63 |    15 ||    78
Block: Other             |       |     5 ||     5

Table legend: (Time is in decaauts)
 A = Elapsed time spent in this place.
 B = Non-inter-level travel time spent in this place.
 C = Inter-level travel time spent in this place.
 D = Time resting spent in this place.
 E = Time spent auto-exploring this place.
 F = Levels seen in this place.
 G = Mean time per level.
                   A        B        C        D        E       F      G
               +--------+--------+--------+--------+--------+-----+--------+
         Total |   1892 |   1874 |     18 |    229 |   1323 |   2 |  946.0 |
       Dungeon |   1892 |   1874 |     18 |    229 |   1323 |   2 |  946.0 |
               +--------+--------+--------+--------+--------+-----+--------+

Top non-repeatable levels by time:
     D:1: 1257 daAuts
     D:2: 634 daAuts
